 Dungeon Crawl Stone Soup version 0.24.0-123-gd5b16e6ec5 (webtiles) character file.

Game seed: 16794156587075104691, levelgen mode: deterministic

2065 sking99 the Covert (level 9, 0/46 HPs)
             Began as a Vampire Assassin on Feb 6, 2020.
             Was a Believer of Kikubaaqudgha.
             Slain by a killer bee (1 damage)
             ... on level 7 of the Dungeon.
             The game lasted 00:28:55 (8178 turns).

sking99 the Covert (Vampire Assassin)               Turns: 8178, Time: 00:28:56

Health: 0/46       AC:  6    Str: 12    XL:     9   Next: 5%
Magic:  9/9        EV: 12    Int: 14    God:    Kikubaaqudgha [**....]
Gold:   379        SH:  0    Dex: 16    Spells: 6/8 levels left

rFire    . . .     SeeInvis +   a - +2 dagger
rCold    + + +     Gourm    .   (no shield)
rNeg     + + +     Faith    .   f - +0 leather armour
rPois    ∞         Spirit   .   h - +0 helmet
rElec    .         Reflect  .   c - +1 cloak
rCorr    .         Harm     .   (no gloves)
MR       .....                  (no boots)
Stlth    ++++++....             (no amulet)
HPRegen  0.00/turn              l - ring of protection from cold
MPRegen  0.11/turn              (no ring)

@: bloodless
A: no food, fangs 3, see invisible, [frail 1], unbreathing
a: Bat Form, Revivify, Receive Corpses, Renounce Religion


You were on level 7 of the Dungeon.
You worshipped Kikubaaqudgha.
Kikubaaqudgha was pleased with you.
You were bloodless.

You visited 1 branch of the dungeon, and saw 7 of its levels.

You collected 379 gold pieces.

Inventory:

Hand Weapons
 a - a +2 dagger (weapon)
Missiles
 d - 9 poisoned darts (quivered)
 g - a curare-tipped dart
Armour
 c - a +1 cloak (worn)
 f - a +0 leather armour (worn)
 h - a +0 helmet (worn)
Magical Staves
 p - an uncursed staff of energy
Jewellery
 l - a ring of protection from cold (left hand)
Scrolls
 b - 2 scrolls of enchant armour
 i - 2 scrolls of magic mapping
 m - 2 scrolls of remove curse
 o - 2 scrolls of teleportation
 s - 3 scrolls of blinking
Potions
 e - a potion of lignification
 j - 3 potions of curing
 k - a potion of heal wounds
 n - a potion of cancellation
 q - 2 potions of invisibility
 r - a potion of haste
 t - 3 potions of flight
 u - a potion of brilliance {unknown}


   Skills:
 - Level 4.9 Fighting
 * Level 8.6 Short Blades
 - Level 1.5 Throwing
 + Level 2.5 Dodging
 - Level 10.0 Stealth
 + Level 5.2 Necromancy


You had 6 spell levels left.
You knew the following spells:

 Your Spells              Type           Power        Failure   Level  Hunger
a - Animate Skeleton      Necr           N/A          4%          1    N/A
b - Pain                  Necr           ##..         4%          1    N/A

Your spell library contained the following spells:

 Spells                   Type           Power        Failure   Level  Hunger
 Sublimation of Blood     Necr           ##........   6%          2    N/A
 Regeneration             Chrm/Necr      #.........   36%         3    N/A

Dungeon Overview and Level Annotations

Branches:
Dungeon (7/15)             Temple (0/1) D:6

Altars:
Cheibriados
Elyvilon
Gozag
Hepliaklqana
Kikubaaqudgha
Makhleb
Nemelex Xobeh
Okawaru
Qazlal
Ru
Sif Muna
Uskayaw
Zin
The Shining One


Innate Abilities, Weirdness & Mutations

You do not eat.
You do not regenerate when monsters are visible.
You are frail without blood (-20% HP).
You can heal yourself when you bite living creatures.
You are immune to poison.
You have razor-sharp teeth.
You have supernaturally acute eyesight. (SInv)
You can survive without breathing.
[You are frail. (-10% HP)]


Message History

You climb upwards.
There is a stone staircase leading down here.
You begin bloodletting.
You continue bloodletting. x5
Now bloodless.
You climb downwards.
The killer bee stings you. x3
The killer bee barely misses you. The killer bee stings you.
The killer bee stings you! The killer bee stings you. x2
The killer bee closely misses you. x2; The killer bee stings you.
There is a stone staircase leading up here.
The killer bee closely misses you. The killer bee stings you!
* * * LOW HITPOINT WARNING * * *
The killer bee closely misses you. The killer bee barely misses you.
The killer bee misses you. The killer bee stings you.
* * * LOW HITPOINT WARNING * * *
The killer bee stings you.
* * * LOW HITPOINT WARNING * * *
The killer bee stings you but does no damage.
The killer bee stings you.
You die...
Kikubaaqudgha rasps: "You have failed me!
Welcome... oblivion!"

#### .>.
#..#######
........ #
.....#
.####?#....#
......y@y..#
#####.yyy......
...........##
#############


You could see 5 killer bees.

Vanquished Creatures
  Pikel (D:4)
  Grinder (D:5)
  Menkaure (D:5)
  Edmund (D:6)
  An ice beast (D:5)
  A slave (D:4)
  A phantom (D:6)
  An ogre (D:6)
  A centaur (D:4)
  Blork the orc (D:5)
  A bullfrog (D:6)
  A scorpion (D:4)
  A killer bee (D:7)
  2 wights (D:6)
  3 crimson imps (D:6)
  2 hounds (D:6)
  An orc priest (D:3)
  6 orc wizards
  Natasha (twice) (D:4)
  An iguana (D:4)
  4 worker ants
  A hound skeleton (D:6)
  Robin (D:1)
  5 adders
  3 oozes
  An adder zombie (D:5)
  A dart slug (D:3)
  20 orcs
  5 ball pythons
  A giant cockroach (D:1)
  12 goblins
  20 hobgoblins
  4 jackals (D:5)
  6 kobolds
  2 quokkas
  7 bats
  4 frilled lizards
  A jackal skeleton (D:6)
  A leopard gecko zombie (D:5)
  9 rats
138 creatures vanquished.

Notes
Turn   | Place    | Note
-------+----------+-------------------------------------------
     0 | D:1      | sking99 the Vampire Assassin began the quest for the Orb.
     0 | D:1      | Reached XP level 1. HP: 16/16 MP: 1/1
   132 | D:1      | Reached skill level 6 in Stealth
   206 | D:1      | Reached XP level 2. HP: 22/22 MP: 2/2
   547 | D:1      | Reached XP level 3. HP: 27/27 MP: 3/3
   968 | D:2      | Noticed Robin
  1076 | D:1      | Killed Robin
  1290 | D:2      | Found an ancient bone altar of Kikubaaqudgha.
  1304 | D:2      | Reached XP level 4. HP: 29/33 MP: 4/4
  1394 | D:2      | Became a worshipper of Kikubaaqudgha
  1942 | D:3      | Reached skill level 1 in Necromancy
  1942 | D:3      | Reached XP level 5. HP: 30/39 MP: 5/5
  2049 | D:3      | Found a hide-covered altar of Uskayaw.
  2106 | D:3      | Found a glowing golden altar of the Shining One.
  2227 | D:3      | Reached skill level 7 in Stealth
  2481 | D:3      | Reached * piety under Kikubaaqudgha
  2481 | D:3      | Identified Kikubaaqudgha's Tome of Black Arts
                  | (Kikubaaqudgha gifted it to you on level 3 of the Dungeon)
  2481 | D:3      | Received a gift from Kikubaaqudgha
  2485 | D:3      | Learned a level 1 spell: Animate Skeleton
  2525 | D:3      | Found an iron altar of Okawaru.
  2695 | D:4      | Noticed an ogre
  2737 | D:4      | You fall into a shaft and drop 2 floors!
  2960 | D:6      | Reached XP level 6. HP: 46/46 MP: 6/6
  2963 | D:6      | Learned a level 1 spell: Pain
  2972 | D:6      | Noticed Edmund
  2988 | D:6      | Found a staircase to the Ecumenical Temple.
  3224 | D:6      | Reached skill level 5 in Short Blades
  3437 | D:6      | Reached XP level 7. HP: 41/41 MP: 7/7
  3525 | D:6      | Reached skill level 8 in Stealth
  4260 | D:5      | Entered Level 5 of the Dungeon
  4260 | D:5      | Noticed Blork the orc
  4265 | D:5      | Killed Blork the orc
  4472 | D:4      | HP: 1/41 [ogre/+0 giant spiked club (22)]
  4479 | D:4      | Noticed Natasha
  5525 | D:4      | Killed Natasha
  5713 | D:4      | Noticed Natasha
  5734 | D:4      | Killed Natasha
  5734 | D:4      | Reached XP level 8. HP: 40/54 MP: 8/8
  6286 | D:5      | Noticed Grinder
  6305 | D:5      | Noticed Menkaure
  6579 | D:5      | Killed Menkaure
  6579 | D:5      | Reached skill level 9 in Stealth
  6737 | D:5      | Noticed Pikel
  6771 | D:4      | Killed Pikel
  6922 | D:5      | Paralysed by Grinder for 2 turns
  6928 | D:5      | Killed Grinder
  7081 | D:5      | Found a burning altar of Makhleb.
  7085 | D:5      | Found a glowing silver altar of Zin.
  7085 | D:5      | Noticed a green death
  7086 | D:5      | Noticed an angel
  7259 | D:5      | Reached skill level 5 in Necromancy
  7376 | D:5      | Found a stormy altar of Qazlal.
  7381 | D:5      | Found a shimmering blue altar of Sif Muna.
  7388 | D:5      | Found a sacrificial altar of Ru.
  7393 | D:5      | Found a sparkling altar of Nemelex Xobeh.
  7404 | D:5      | Found a hazy altar of Hepliaklqana.
  7411 | D:5      | Found a snail-covered altar of Cheibriados.
  7416 | D:5      | Found a white marble altar of Elyvilon.
  7561 | D:6      | Found an opulent altar of Gozag.
  7712 | D:6      | Reached ** piety under Kikubaaqudgha
  7868 | D:6      | Reached skill level 10 in Stealth
  8007 | D:6      | Killed Edmund
  8007 | D:6      | Reached XP level 9. HP: 26/60 MP: 9/9
  8178 | D:7      | HP: 1/46 [killer bee (5)]
  8178 | D:7      | Slain by a killer bee

Levels and vault maps discovered:
D:1:      co_arrival_square_in_a_square_in_a_square, layout_basic
D:2:      layout_rooms, kiku_gazebo_pond_becter, uniq_robin
D:3:      layout_loops_ring, lemuel_doored_altar,
          eat_drink_and_be_merry_uskayaw, okawaru_gym_becter,
          serial_bayou_ford_a
D:4:      layout_loops_cross, first_ration, uniq_natasha
D:5:      layout_basic, grunt_temple_overflow_order_and_chaos_2,
          grunt_temple_overflow_octagram, uniq_blork_the_orc, uniq_menkaure,
          uniq_pikel, uniq_grinder
D:6:      layout_gridville, nicolae_gozag_cash_rules_everything_around_me,
          minmay_temple_entry_from_below_a, uniq_edmund
D:7:      layout_basic, kennysheep_mini_moat, kennysheep_little_box,
          basic_altar, uniq_prince_ribbit1

Skill      XL: |  1  2  3  4  5  6  7  8 |
---------------+-------------------------+-----
Stealth        | 6 7 8 10 | 10.0
Short Blades   | 3 4 5 6 8 |  8.6
Fighting       | 2 3 4 |  4.9
Dodging        | 2 |  2.5
Necromancy     | 1 2 3 5 |  5.2
Throwing       | |  1.5

Action                   |  1- 3 |  4- 6 |  7- 9 || total
-------------------------+-------+-------+-------++-------
Melee: Dagger            |   141 |   242 |   462 ||   845
       Bite              |    11 |    21 |    53 ||    85
Throw: Dart              |     4 |     7 |    17 ||    28
 Cast: Animate Skeleton  |       |     3 |     5 ||     8
       Pain              |       |       |     2 ||     2
 Abil: Exsanguinate      |       |     1 |     2 ||     3
       Revivify          |       |       |     2 ||     2
       End Transformatio |       |       |     1 ||     1
       Bat Form          |       |       |     1 ||     1
  Use: Scroll            |       |       |    13 ||    13
 Stab: Sleeping          |    12 |     6 |    10 ||    28
       Distracted        |       |     4 |       ||     4
Armor: Leather armour    |    27 |    47 |    62 ||   136
Dodge: Dodged            |    68 |   107 |   152 ||   327
